 Dungeon Crawl Stone Soup version 0.25-a0-178-gc9f82b1288 (webtiles) character file.

Game seed: 15206772944748944458, levelgen mode: deterministic

44 vurker the Conjurer (level 3, -3/28 HPs)
             Began as a Demigod Conjurer on Nov 26, 2019.
             Slain by Crazy Yiuf
             ... wielding a +4 quarterstaff of chaos
              (10 damage)
             ... on level 2 of the Dungeon.
             The game lasted 00:02:05 (2017 turns).

vurker the Conjurer (Demigod Conjurer)              Turns: 2017, Time: 00:02:06

Health: -3/28      AC:  2    Str: 11    XL:     3   Next: 23%
Magic:  0/9        EV: 12    Int: 23    God:
Gold:   129        SH:  0    Dex: 16    Spells: 3/6 levels left

rFire    . . .     SeeInvis .   d - +0 dagger
rCold    . . .     Gourm    .   (no shield)
rNeg     . . .     Faith    .   a - +0 robe
rPois    .         Spirit   .   (no helmet)
rElec    .         Reflect  .   (no cloak)
rCorr    .         Harm     .   (no gloves)
MR       .....                  (no boots)
Stlth    ++........             (no amulet)
HPRegen  0.09/turn              l - +2 ring of intelligence
MPRegen  0.11/turn              (no ring)

@: no status effects
A: high mp 1
a: no special abilities


You were on level 2 of the Dungeon.
You were not hungry.

You visited 1 branch of the dungeon, and saw 2 of its levels.

You collected 129 gold pieces.

Inventory:

Hand Weapons
 d - a +0 dagger (weapon)
   (You took it off a goblin on level 1 of the Dungeon)
Armour
 a - a +0 robe (worn)
Jewellery
 l - a +2 ring of intelligence (left hand)
   (You found it on level 2 of the Dungeon)
Scrolls
 b - a scroll of remove curse {unknown}
 g - a scroll of blinking {unknown}
 j - 2 scrolls of identify {unknown}
 k - a scroll of enchant armour {unknown}
 m - 3 scrolls of noise {unknown}
 n - a scroll of amnesia {unknown}
 o - a scroll of fear {unknown}
Potions
 f - a potion of brilliance {unknown}
 h - a potion of invisibility {unknown}
 i - a potion of haste {unknown}
Comestibles
 e - 4 rations


   Skills:
 + Level 1.1 Fighting
 - Level 1.7 Dodging
 - Level 1.7 Stealth
 * Level 2.4 Spellcasting
 * Level 4.1 Conjurations


You had 3 spell levels left.
You knew the following spells:

 Your Spells              Type           Power        Failure   Level  Hunger
a - Magic Dart            Conj           ###.         2%          1    None
b - Searing Ray           Conj           ###...       3%          2    ##.....

Your spell library contained the following spells:

 Spells                   Type           Power        Failure   Level  Hunger
 Dazzling Spray           Conj/Hex       ##....       16%         3    ###....
 Iskenderun's Mystic Bla  Conj           ###.....     22%         4    ####...
 Force Lance              Conj/Tloc      ##......     45%         4    ####...
 Fulminant Prism          Conj/Hex       ##........   45%         4    ####...


Dungeon Overview and Level Annotations

Branches:
Dungeon (2/15)

Annotations:
D:2 Crazy Yiuf


Innate Abilities, Weirdness & Mutations

You have an increased reservoir of magic. (+10% MP)


Message History

There is an open door here.
Crazy Yiuf says, "Paint!
Papa cower stair."
Crazy Yiuf flaps his cloak.
Here: Crazy Yiuf, wielding a +4 quarterstaff of chaos and wearing a +0 cloak (fire blocked by a runed translucent door)
The floor.
Unknown command.
Memorise Searing Ray, consuming 2 spell levels and leaving 3?
Crazy Yiuf grits, "Lugonu infinity water!"
You start memorising the spell.
You continue memorising. x2
You finish memorising.
Spell assigned to 'b'.
You open the door.
Crazy Yiuf whimpers, "Peeping ragdoll senile!"
Aim: Crazy Yiuf, wielding a +4 quarterstaff of chaos and wearing a +0 cloak
Okay, then. (m)acro, (M)acro raw, keymap [(k) default, (x) level-map, (t)argeting, (c)onfirm, m(e)nu], (s)ave?
Input macro trigger key: 2 Current Action: zb Do you wish to (r)edefine, (c)lear, or (a)bort?
Input macro action: zbf Created macro '2' => 'zbf'.
Aim: Crazy Yiuf, wielding a +4 quarterstaff of chaos and wearing a +0 cloak The searing ray hits Crazy Yiuf. (Press . to maintain the ray.)
You are near starving!
Crazy Yiuf hits you with a +4 quarterstaff of chaos.
Crazy Yiuf draws strength from your wounds!
Crazy Yiuf yells, "Snoogle!"
You eat one of the 5 rations.
That ration really hit the spot!
Crazy Yiuf completely misses you.
Aim: Crazy Yiuf, wielding a +4 quarterstaff of chaos and wearing a +0 cloak (lightly wounded)
The searing ray hits Crazy Yiuf. (Press . to maintain the ray.) Crazy Yiuf misses you.
Aim: Crazy Yiuf, wielding a +4 quarterstaff of chaos and wearing a +0 cloak (moderately wounded)
The searing ray misses Crazy Yiuf. (Press . to maintain the ray.) Crazy Yiuf hits you with a +4 quarterstaff of chaos!
Crazy Yiuf freezes you.
* * * LOW HITPOINT WARNING * * *
Aim: Crazy Yiuf, wielding a +4 quarterstaff of chaos and wearing a +0 cloak (moderately wounded)
The searing ray misses Crazy Yiuf. (Press . to maintain the ray.) Crazy Yiuf hits you with a +4 quarterstaff of chaos.
* * * LOW HITPOINT WARNING * * *
Crazy Yiuf burns you.
* * * LOW HITPOINT WARNING * * *
Aim: Crazy Yiuf, wielding a +4 quarterstaff of chaos and wearing a +0 cloak (moderately wounded)
The magic dart hits Crazy Yiuf.
Crazy Yiuf hits you with a +4 quarterstaff of chaos!
You die...

#.# #.### ##### #
#####.#.## #..)# #
#........## #...#
###.##......# ...
..........### #'#
###.##....#.# ♣♣.♣ #
#.#......## ♣g♣♣ #
#.##....## ♣♣@♣
#.......# ♣.♣♣
#######.### ♣♣.♣♣ ..#
#.# ♣...♣♣ #.# ##'##
♣....♣ #.# ##...##
##..## #.###.....##
#....# #.##.......##
##...#
..#.........####...##


You could see Crazy Yiuf.

Vanquished Creatures
  2 adders (D:2)
  A worm (D:2)
  A leopard gecko (D:1)
  4 bats
  A giant cockroach (D:1)
  2 goblins (D:1)
  3 hobgoblins (D:1)
  2 jackals (D:2)
  2 frilled lizards (D:1)
  6 rats
24 creatures vanquished.

Notes
Turn   | Place    | Note
-------+----------+-------------------------------------------
     0 | D:1      | vurker the Demigod Conjurer began the quest for the Orb.
     0 | D:1      | Reached XP level 1. HP: 14/14 MP: 5/5
   345 | D:1      | Reached XP level 2. HP: 22/22 MP: 5/7
  1209 | D:2      | Reached skill level 4 in Conjurations
  1222 | D:2      | Reached skill level 1 in Fighting
  1222 | D:2      | Reached XP level 3. HP: 28/28 MP: 1/9
  1371 | D:2      | Found a runed translucent door.
  1372 | D:2      | Noticed Crazy Yiuf
  2009 | D:2      | Learned a level 2 spell: Searing Ray
  2017 | D:2      | Slain by Crazy Yiuf

Levels and vault maps discovered:
D:1:      lemuel_arrival_hallway, layout_basic, hangedman_decor_peaks_small,
          amethyst_killhole
D:2:      layout_loops_corners, first_ration, uniq_crazy_yiuf_cottage

Skill      XL: |  1  2 |
---------------+-------+-----
Spellcasting   | 2 |  2.4
Conjurations   | 4 |  4.1
Fighting       | 1 |  1.1
Dodging        | |  1.7
Stealth        | |  1.7

Action                   || total
-------------------------++-------
Melee: Dagger            ||     2
 Cast: Magic Dart        ||    48
       Searing Ray       ||     4
  Eat: Chunk             ||     2
       Ration            ||     1
Armor: Robe              ||     2
Dodge: Dodged            ||     6

Table legend:
 A = Non-vault XP
 B = Vault XP
 C = Vault XP percentage of total XP
 D = Non-vault monster count
 E = Vault monster count
 F = Vault count percentage of total count
                 A         B        C        D         E       F
            +---------+---------+-------+---------+---------+-------
      Total |      64 |       0 |   0.0 |      24 |       0 |   0.0
            +---------+---------+-------+---------+---------+-------
        D:1 |      27 |       0 |   0.0 |      17 |       0 |   0.0
        D:2 |      37 |       0 |   0.0 |       7 |       0 |   0.0
            +---------+---------+-------+---------+---------+-------
